 Dungeon Crawl Stone Soup version 0.30-a0-696-g2367cd04db (webtiles) character file.

Game seed: 1575172026357935349

54 nucleargodhead the Trooper (level 3, -2/34 HPs)
             Began as a Minotaur Berserker on Jan 20, 2023.
             Was a Believer of Trog.
             Succumbed to an adder's poison
             ... on level 2 of the Dungeon.
             The game lasted 00:01:06 (954 turns).

nucleargodhead the Trooper (Minotaur Berserker)      Turns: 954, Time: 00:01:06

Health: -2/34      AC:  2    Str: 21    XL:     3   Next: 66%
Magic:  2/2        EV: 12    Int:  4    God:    Trog [**....]
Gold:   32         SH:  0    Dex: 17    Spells: 2/2 levels left

rFire   . . .      SeeInvis .    a - +0 falchion
rCold   . . .      Faith    .    (no shield)
rNeg    . . .      Spirit   .    b - +0 animal skin
rPois   .          Reflect  .    (helmet restricted)
rElec   .          Harm     .    (no cloak)
rCorr   +          Rampage  .    (no gloves)
Will    .....                    (no boots)
Stlth   ++                       (no amulet)
HPRegen 0.25/turn                g - +6 ring of dexterity
MPRegen 0.08/turn                f - ring of resist corrosion

@: lethally poisoned (-2 -> -12), on berserk cooldown, slowed, very slow
A: horns 2, retaliatory headbutt
a: Renounce Religion, Berserk, Trog's Hand


You were on level 2 of the Dungeon.
You worshipped Trog.
Trog was pleased with you.
You visited 1 branch of the dungeon, and saw 2 of its levels.

You collected 32 gold pieces.

Inventory:

Hand Weapons
 a - a +0 falchion (weapon)
Armour
 b - a +0 animal skin (worn)
Jewellery
 f - a ring of resist corrosion (right hand)
 g - a +6 ring of dexterity (left hand)
Scrolls
 c - a scroll of identify {unknown}
 e - 3 scrolls of torment {unknown}
Potions
 d - a potion of flight {unknown}


   Skills:
 + Level 4.7 Fighting
 + Level 4.7 Long Blades
 - Level 2.4 Armour
 - Level 2.1 Dodging


You had 2 spell levels left.
You didn't know any spells.
Your spell library was empty.

Dungeon Overview and Level Annotations

Branches:
Dungeon (2/15)

Altars:


Innate Abilities, Weirdness & Mutations

You have a pair of horns on your head.
You reflexively headbutt those who attack you in melee.


Message History

You kill the kobold!
Trog accepts your kill.
An adder comes into view.
The adder hisses angrily.
The goblin hits you with a +2 dagger of electrocution.
Things that are here:
a +0 dagger; 5 stones You closely miss the goblin.
You headbutt the goblin.
You kill the goblin!
Trog accepts your kill. The adder bites you.
You are poisoned.
The adder poisons you!
Things that are here:
a +2 dagger of electrocution; a +0 club; a goblin corpse You miss the adder.
You feel sick. The adder completely misses you.
The adder bites you but does no damage.
You hit the adder.
The adder is heavily wounded.
You feel sick. The adder bites you.
* * * LOW HITPOINT WARNING * * *
You are more poisoned.
The adder poisons you! The adder bites you but does no damage.
You miss the adder.
The adder is heavily wounded.
You feel sick. The adder bites you.
* * * LOW HITPOINT WARNING * * *
You are lethally poisoned!
The adder poisons you! The adder bites you.
* * * LOW HITPOINT WARNING * * *
You are more poisoned.
The adder poisons you!
You closely miss the adder.
The adder is heavily wounded.
* * * LOW HITPOINT WARNING * * *
You feel very sick. The adder barely misses you. You furiously retaliate!
You headbutt the adder.
You kill the adder!
Trog accepts your kill.
You die...

.... # #... #.#...
..... ... ##.## ..
#..)# ... #.))#
.... #.)@###....
#......#...#......
#......#.).#......
.......#...)......
.......#...).?....
#......#..........
......#...#......
######.............
#......#.#.########


There were no monsters in sight!

Vanquished Creatures
  Robin (D:2)
  An adder (D:2)
  4 ball pythons (D:1)
  5 bats (D:1)
  An endoplasm (D:1)
  4 hobgoblins
  A jackal (D:2)
  3 kobolds
  A frilled lizard (D:2)
  11 goblins
32 creatures vanquished.

Notes
Turn   | Place    | Note
-------+----------+-------------------------------------------
     0 | D:1      | nucleargodhead the Minotaur Berserker began the quest for
                  | the Orb.
     0 | D:1      | Reached XP level 1. HP: 19/19 MP: 0/0
   355 | D:1      | Reached XP level 2. HP: 27/27 MP: 1/1
   475 | D:1      | Found a faded altar of an unknown god.
   921 | D:2      | Noticed Robin
   930 | D:2      | Killed Robin
   931 | D:2      | Reached XP level 3. HP: 34/34 MP: 2/2
   940 | D:2      | Reached ** piety under Trog
   953 | D:2      | HP: 1/34 [poisoned by an adder]
   954 | D:2      | Succumbed to an adder's poison

Illustrated notes

Levels and vault maps discovered:
D:1:      shiori_angband_town, layout_basic, shapermc_ecumenical_altar_ellora,
          nicolae_titane
D:2:      layout_basic, chequers_arboretum, minmay_fountain_box, uniq_robin

Skill      XL: |  1 |
---------------+----+-----
Fighting       | 4 |  4.7
Long Blades    | 4 |  4.7
Armour         | |  2.4
Dodging        | |  2.1

Action                   || total
-------------------------++-------
Melee: Falchion          ||    54
       Headbutt          ||     7
Invok: Berserk           ||     2
Armor: Animal skin       ||    15
Dodge: Dodged            ||    51

Table legend: (Time is in decaauts)
 A = Elapsed time spent in this place.
 B = Non-inter-level travel time spent in this place.
 C = Inter-level travel time spent in this place.
 D = Time resting spent in this place.
 E = Time spent auto-exploring this place.
 F = Levels seen in this place.
 G = Mean time per level.
                   A        B        C        D        E       F      G
               +--------+--------+--------+--------+--------+-----+--------+
         Total |    964 |    941 |     23 |    153 |    657 |   2 |  482.0 |
       Dungeon |    964 |    941 |     23 |    153 |    657 |   2 |  482.0 |
               +--------+--------+--------+--------+--------+-----+--------+

Top non-repeatable levels by time:
     D:1: 786 daAuts
     D:2: 178 daAuts
